 Dungeon Crawl Stone Soup version 0.25-a0-589-g1e14c549ee (webtiles) character file.

Game seed: 13760685597183390189, levelgen mode: deterministic

235 Kohma the Slasher (level 5, -5/39 HPs)
             Began as a Demonspawn Gladiator on Mar 11, 2020.
             Blown up by Pikel (15 damage)
             ... with a disintegration bolt
             ... on level 4 of the Dungeon.
             The game lasted 00:03:44 (2130 turns).

Kohma the Slasher (Demonspawn Gladiator)            Turns: 2130, Time: 00:03:45

Health: -5/39      AC:  7    Str: 15    XL:     5   Next: 76%
Magic:  5/5        EV: 17    Int: 10    God:
Gold:   106        SH:  0    Dex: 14    Spells: 4/4 levels left

rFire    . . .     SeeInvis .   p - +1 whip (elec)
rCold    + . .     Gourm    .   (no shield)
rNeg     . . .     Faith    .   h - +0 ring mail
rPois    .         Spirit   .   c - +0 helmet
rElec    .         Reflect  .   (no cloak)
rCorr    .         Harm     .   (no gloves)
MR       .....                  (no boots)
Stlth    +.........             (no amulet)
HPRegen  0.13/turn              (no ring)
MPRegen  0.09/turn              (no ring)

@: agile
A: rugged brown scales 1, cold resistance 1, powered by pain 2
a: no special abilities


You were on level 4 of the Dungeon.
You were not hungry.

You visited 1 branch of the dungeon, and saw 4 of its levels.

You collected 106 gold pieces.

Inventory:

Hand Weapons
 a - a +0 long sword
 p - a +1 whip of electrocution (weapon)
Missiles
 d - 3 throwing nets (quivered)
 i - 14 bolts
Armour
 b - a +0 leather armour
 c - a +0 helmet (worn)
 h - a +0 ring mail (worn)
Jewellery
 o - an uncursed amulet of the acrobat {unknown}
Scrolls
 j - a scroll of random uselessness {unknown}
 q - a scroll of remove curse
 r - a scroll of teleportation {unknown}
Potions
 e - a potion of lignification {unknown}
 g - a potion of ambrosia {unknown}
 k - a potion of heal wounds {unknown}
 l - a potion of curing {unknown}
 m - a potion of degeneration {unknown}
 n - 2 potions of might {unknown}
Comestibles
 f - 4 rations


   Skills:
 - Level 2.0 Fighting
 + Level 4.8 Long Blades
 - Level 1.2 Maces & Flails
 - Level 1.7 Throwing
 - Level 4.0 Dodging


You had 4 spell levels left.
You didn't know any spells.
Your spell library was empty.

Dungeon Overview and Level Annotations

Branches:
Dungeon (4/15)
 Temple: D:4-7

Altars:
Xom

Annotations:
D:4 Pikel


Innate Abilities, Weirdness & Mutations

You are partially covered in rugged brown scales. (AC +1, +3% HP)
Your flesh is cold resistant. (rC+)
You sometimes gain power by taking damage.


Message History

The slave hits you.
You closely miss the slave.
The slave is almost dead.
The slave hits you but does no damage.
You hit the slave.
The slave is almost dead.
The slave misses you.
You closely miss the slave.
The slave is almost dead.
The slave closely misses you.
You hit the slave.
You kill the slave!
That felt strangely unrewarding.
Pikel zaps a wand.
You are blasted!
Ouch! That really hurt!
* * * LOW HITPOINT WARNING * * *
You focus on the pain.
You feel agile all of a sudden. Pikel barely misses you.
You barely miss Pikel.
Pikel zaps a wand.
You are blasted!
You die...

##.....#
...[..#.#
pp...#.# ..pp#.#
# ...#.#
###.####..#.#
..$.......#.#
##....p###.##.##.
#####pK@........
#.###....### #.#
###(# #.# # #.#
#.######.#
#........#
#..#####.# #..#


You could see Pikel and 2 slaves.

Vanquished Creatures
  A slave (D:4)
  4 crimson imps (D:3)
  4 gnolls (D:3)
  An adder (D:3)
  A worm (D:2)
  2 leopard geckos
  An orc (D:3)
  4 giant cockroaches
  6 hobgoblins
  7 jackals (D:3)
  5 kobolds
  4 ball pythons
  6 frilled lizards
  3 goblins
  4 rats
53 creatures vanquished.

Notes
Turn   | Place    | Note
-------+----------+-------------------------------------------
     0 | D:1      | Kohma the Demonspawn Gladiator began the quest for the Orb.
     0 | D:1      | Reached XP level 1. HP: 16/16 MP: 1/1
   401 | D:1      | Gained mutation: You sometimes gain a little power by
                  | taking damage. [demonic ancestry]
   401 | D:1      | Reached XP level 2. HP: 22/22 MP: 2/2
  1056 | D:2      | Gained mutation: You sometimes gain power by taking damage.
                  | [demonic ancestry]
  1056 | D:2      | Reached XP level 3. HP: 27/27 MP: 3/3
  1076 | D:2      | You fall into a shaft and drop 2 floors!
  1167 | D:3      | Gained mutation: You are partially covered in rugged brown
                  | scales. (AC +1, +3% HP) [demonic ancestry]
  1167 | D:3      | Reached XP level 4. HP: 2/33 MP: 4/4
  1516 | D:3      | Found a shimmering altar of Xom.
  1561 | D:3      | Gained mutation: Your flesh is cold resistant. (rC+)
                  | [demonic ancestry]
  1561 | D:3      | Reached XP level 5. HP: 30/39 MP: 5/5
  1834 | D:3      | Reached skill level 1 in Maces & Flails
  2109 | D:4      | Noticed a slave
  2109 | D:4      | Noticed a slave
  2109 | D:4      | Noticed a slave
  2109 | D:4      | Noticed a slave
  2109 | D:4      | Noticed Pikel
  2128 | D:4      | Killed a slave
  2130 | D:4      | Blown up by Pikel

Levels and vault maps discovered:
D:1:      dpeg_arrival_shrine, layout_loops_ring, minivault_27, corner_web_ring
D:2:      layout_basic, fiery_altar_vehumet, guppyfry_early_orc_mine
D:3:      layout_basic, led_xom_imps
D:4:      layout_loops_ring, kennysheep_mini, lemuel_coloured_pillars_altar,
          uniq_pikel, uniq_edmund

Skill      XL: |  1  2  3  4  5 |
---------------+----------------+-----
Long Blades    | 3 4 |  4.8
Dodging        | 3 4 |  4.0
Maces & Flails | 1 |  1.2
Fighting       | |  2.0
Throwing       | |  1.7

Action                   |  1- 3 |  4- 6 || total
-------------------------+-------+-------++-------
Melee: Long sword        |   105 |       ||   105
       Whip              |       |    59 ||    59
  Use: Scroll            |       |     2 ||     2
  Eat: Chunk             |     1 |     3 ||     4
Armor: Ring mail         |    32 |    14 ||    46
       Leather armour    |     4 |       ||     4
Dodge: Dodged            |    67 |    28 ||    95
       Rpst.: Long sword |    19 |       ||    19

Table legend:
 A = Non-vault XP
 B = Vault XP
 C = Vault XP percentage of total XP
 D = Non-vault monster count
 E = Vault monster count
 F = Vault count percentage of total count
                 A         B        C        D         E       F
            +---------+---------+-------+---------+---------+-------
      Total |     145 |     192 |  57.0 |      48 |       4 |   7.7
            +---------+---------+-------+---------+---------+-------
        D:1 |      29 |       0 |   0.0 |      19 |       0 |   0.0
        D:2 |      14 |       0 |   0.0 |       6 |       0 |   0.0
        D:3 |     102 |     192 |  65.3 |      23 |       4 |  14.8
            +---------+---------+-------+---------+---------+-------
